 Dungeon Crawl Stone Soup version 0.28-a0-823-gb444dcf96d (webtiles) character file.

Game seed: 9090118531855843320

1592 siradein the Ruffian (level 8, -5/83 HPs)
             Began as a Troll Monk on Nov 9, 2021.
             Killed from afar by an electric eel (8 damage)
             ... with a bolt of electricity
             ... on level 7 of the Dungeon.
             The game lasted 00:07:00 (3687 turns).

siradein the Ruffian (Troll Monk)                   Turns: 3687, Time: 00:07:02

Health: -5/83      AC:  7    Str: 20    XL:     8   Next: 61%
Magic:  7/7        EV: 12    Int:  6    God:
Gold:   334        SH:  0    Dex: 14    Spells: 7/7 levels left

rFire   . . .      SeeInvis .     - Unarmed
rCold   . . .      Faith    .   (no shield)
rNeg    . . .      Spirit   .   u - +2 robe {Will+}
rPois   .          Reflect  .   (helmet restricted)
rElec   .          Harm     .   p - +0 cloak
rCorr   .          Rampage  .   (gloves unavailable)
Will    +....                   (boots unavailable)
Stlth   ++........              (no amulet)
HPRegen 1.23/turn               (no ring)
MPRegen 0.10/turn               (no ring)

@: no status effects
A: large, unfitting armour, claws 3, regeneration 1, shaggy fur 1, tough skin 1
a: no special abilities


You were on level 7 of the Dungeon.
You visited 1 branch of the dungeon, and saw 7 of its levels.

You collected 334 gold pieces.

Inventory:

Missiles
 l - 12 poisoned darts (quivered)
 s - 2 boomerangs
Armour
 p - a +0 cloak (worn)
 u - a +2 robe of willpower (worn)
Jewellery
 i - a ring of magical power
Scrolls
 a - a scroll of brand weapon {unknown}
 b - 2 scrolls of noise {unknown}
 c - 5 scrolls of identify {unknown}
 e - 4 scrolls of amnesia {unknown}
 g - a scroll of immolation {unknown}
 h - a scroll of silence {unknown}
 j - 2 scrolls of blinking {unknown}
 k - 2 scrolls of teleportation {unknown}
 m - a scroll of magic mapping {unknown}
 q - a scroll of enchant armour {unknown}
 r - a scroll of vulnerability {unknown}
Potions
 d - a potion of brilliance {unknown}
 f - 3 potions of flight {unknown}
 n - 2 potions of mutation {unknown}
 o - 2 potions of attraction {unknown}
 t - a potion of degeneration {unknown}


   Skills:
 + Level 5.8 Fighting
 + Level 5.7 Dodging
 - Level 1.0 Stealth
 + Level 7.0 Unarmed Combat


You had 7 spell levels left.
You didn't know any spells.
Your spell library contained the following spells:

 Spells                   Type           Power      Damage    Failure   Level
 Blink                    Tloc           0%         N/A       58%         2
 Manifold Assault         Tloc           0%         N/A       100%        5
 Storm Form               Tmut/Air       0%         N/A       100%        7


Dungeon Overview and Level Annotations

Branches:
Dungeon (7/15)
 Temple: D:4-7

Altars:

Shops:
D:1 [   D:3 *   D:7 (


Innate Abilities, Weirdness & Mutations

You are too large for most types of armour.
You have claws for hands.
Your natural rate of healing is unusually fast.
You are covered in fur. (AC +1)
You have tough skin. (AC +1)


Message History

The orc shouts!
Found a battleaxe.
You mangle the orc!!
You kill the orc!
No target in view!
No target in view!
The electric eel shoots out a bolt of lightning at you!
The bolt of electricity hits you!
Found Opparimm's Antique Weapon Shoppe.
The electric eel shoots out a bolt of lightning at you!
The bolt of electricity hits you! x2
You are too injured to fight recklessly!
You are too injured to fight recklessly!
You are too injured to fight recklessly!
You are too injured to fight recklessly!
You are too injured to fight recklessly!
You are too injured to fight recklessly!
You are too injured to fight recklessly!
You scratch the electric eel.
The electric eel is lightly wounded.
You barely miss the electric eel.
The electric eel is lightly wounded.
You scratch the electric eel but do no damage.
The electric eel is lightly wounded.
The electric eel shoots out a bolt of lightning at you!
The bolt of electricity hits you! x2
You miss the electric eel.
The electric eel is lightly wounded.
The electric eel shoots out a bolt of lightning at you!
The bolt of electricity hits you. The bolt of electricity hits you!
* * * LOW HITPOINT WARNING * * *
You scratch the electric eel but do no damage.
The electric eel is lightly wounded.
You barely miss the electric eel.
The electric eel is lightly wounded.
The electric eel shoots out a bolt of lightning at you!
The bolt of electricity hits you!
* * * LOW HITPOINT WARNING * * *
The bolt of electricity hits you!
You die...

..#.# #.#.#
#.... ##
#...###....
#.[)...)#
##...##### ♣♣
#........# ...
#.##.#.#.#♣.8.
# #>#@#......
#.≈S≈≈≈≈≈≈≈
#.≈≈≈≈≈≈≈≈≈.
#...........
#..<..#♣.♣.∩
#.....# ....
#.....# ♣
...##### .####


You could see an electric eel.

Vanquished Creatures
  Edmund (D:5)
  A water moccasin (D:5)
  Duvessa (D:6)
  A sky beast (D:6)
  2 ogres
  2 centaurs
  A bullfrog (D:6)
  2 scorpions
  Dowan (D:6)
  A wyvern skeleton (D:6)
  A jelly (D:5)
  A centaur skeleton (D:5)
  3 hounds
  An orc priest (D:6)
  A bullfrog skeleton (D:6)
  2 iguanas
  An orc wizard (D:6)
  A killer bee zombie (D:5)
  2 hound skeletons (D:4)
  A howler monkey zombie (D:7)
  10 gnolls
  6 adders
  A shadow imp (D:5)
  An ufetubus (D:4)
  An adder skeleton (D:5)
  A worm (D:4)
  A dart slug (D:5)
  7 orcs
  6 ball pythons
  3 bats (D:1)
  4 endoplasms
  A giant cockroach (D:2)
  3 goblins
  2 hobgoblins (D:4)
  A quokka (D:2)
  3 frilled lizards
  7 kobolds
  4 rats
89 creatures vanquished.

Notes
Turn   | Place    | Note
-------+----------+-------------------------------------------
     0 | D:1      | siradein the Troll Monk began the quest for the Orb.
     0 | D:1      | Reached XP level 1. HP: 22/22 MP: 0/0
   129 | D:1      | Found Egraphue's Antique Armour Shop.
   262 | D:1      | Reached XP level 2. HP: 29/29 MP: 1/1
   898 | D:1      | Reached XP level 3. HP: 32/36 MP: 2/2
   942 | D:2      | Found a faded altar of an unknown god.
  1224 | D:3      | Found Inwuasag's General Store.
  1288 | D:3      | You fall into a shaft and drop 3 floors!
  1294 | D:6      | Noticed a bullfrog
  1303 | D:6      | Killed a bullfrog
  1304 | D:6      | Reached skill level 4 in Unarmed Combat
  1304 | D:6      | Reached XP level 4. HP: 40/45 MP: 3/3
  1449 | D:6      | Reached XP level 5. HP: 48/53 MP: 4/4
  1538 | D:5      | Entered Level 5 of the Dungeon
  1560 | D:6      | Reached XP level 6. HP: 46/62 MP: 5/5
  1895 | D:4      | Reached skill level 5 in Unarmed Combat
  2058 | D:4      | Reached XP level 7. HP: 38/71 MP: 6/6
  2462 | D:5      | Noticed Edmund
  2481 | D:5      | Killed Edmund
  2663 | D:5      | Reached skill level 5 in Fighting
  2663 | D:5      | Reached skill level 5 in Dodging
  2663 | D:5      | Reached skill level 6 in Unarmed Combat
  2787 | D:5      | Reached XP level 8. HP: 62/80 MP: 7/7
  3220 | D:6      | Noticed Dowan
  3221 | D:6      | Noticed Duvessa
  3230 | D:6      | Killed Duvessa
  3241 | D:6      | Killed Dowan
  3522 | D:6      | Reached skill level 7 in Unarmed Combat
  3679 | D:7      | Found Opparimm's Antique Weapon Shoppe.
  3687 | D:7      | HP: 3/83 [electric eel/bolt of electricity (11)]
  3687 | D:7      | Killed from afar by an electric eel

Illustrated notes

Levels and vault maps discovered:
D:1:      roderic_dead_forest, layout_basic, serial_shops, shop,
          hangedman_decor_riveting
D:2:      layout_rooms, basic_ecumenical_altar, st_stairs_2
D:3:      corexii_shack_village, layout_basic, tgw_sif, serial_shops,
          nicolae_shop_stone, shop, shop, shop, shop
D:4:      layout_basic, nrook_mini_backslash, minmay_close_crescents
D:5:      layout_loops_cross, uniq_edmund
D:6:      layout_basic, uniq_duvessa
D:7:      layout_basic, minmay_temple_entry_butterflies,
          nicolae_wooded_promenade, chequers_serial_rivers_room_a,
          chequers_jeans, uniq_crazy_yiuf_cottage

Skill      XL: |  1  2  3  4  5  6  7  8 |
---------------+-------------------------+-----
Fighting       | 3 4 5 |  5.8
Dodging        | 3 4 5 |  5.7
Unarmed Combat | 4 5 6 7 |  7.0
Stealth        | |  1.0

Action                   |  1- 3 |  4- 6 |  7- 9 || total
-------------------------+-------+-------+-------++-------
Melee: Unarmed           |    78 |   119 |   117 ||   314
       Punch             |       |     1 |     3 ||     4
 Stab: Sleeping          |     4 |     2 |       ||     6
Armor: Robe              |    35 |    33 |    23 ||    91
Dodge: Dodged            |    68 |    71 |    55 ||   194

Table legend: (Time is in decaauts)
 A = Elapsed time spent in this place.
 B = Non-inter-level travel time spent in this place.
 C = Inter-level travel time spent in this place.
 D = Time resting spent in this place.
 E = Time spent auto-exploring this place.
 F = Levels seen in this place.
 G = Mean time per level.
                   A        B        C        D        E       F      G
               +--------+--------+--------+--------+--------+-----+--------+
         Total |   3664 |   3496 |    168 |      9 |   2552 |   7 |  523.4 |
       Dungeon |   3664 |   3496 |    168 |      9 |   2552 |   7 |  523.4 |
               +--------+--------+--------+--------+--------+-----+--------+

Top non-repeatable levels by time:
     D:4: 796 daAuts
     D:6: 790 daAuts
     D:5: 759 daAuts
     D:1: 693 daAuts
     D:2: 514 daAuts
     D:3: 78 daAuts
     D:7: 31 daAuts
